 Dungeon Crawl Stone Soup version 0.32-a0-572-g3e1049bc92 (webtiles) character file.

Game seed: 4530223009463726959

16216 CrazyBamboolord the Fighter (level 12, -15/110 HPs)
             Began as a Mountain Dwarf Necromancer on Feb 29, 2024.
             Was an Elder of Kikubaaqudgha.
             Killed from afar by a gargoyle (22 damage)
             ... with a stone arrow
             ... on level 11 of the Dungeon on Mar 1, 2024.
             The game lasted 00:43:39 (15373 turns).

CrazyBamboolord the Fighter (MDNe)                 Turns: 15373, Time: 00:43:40

Health: -15/110    AC: 16    Str: 13    XL:     12   Next: 8%
Magic:  1/24       EV: 10    Int: 25    God:    Kikubaaqudgha [****..]
Gold:   825        SH:  9    Dex: 10    Spells: 3/27 levels left

rFire   + . .        b - +0 demon whip (venom)
rCold   . . .        H - +0 buckler
rNeg    + + .        s - +1 ring mail "Lacayngo" {rF+}
rPois   +            w - +1 hat
rElec   .            e - +0 cloak
rCorr   .            q - +2 pair of gloves of Gestures {+Inv rPois rN+}
SInv    .            v - +0 pair of boots
Will    +....        d - amulet of Laclout {Reflect rN+ SH+5}
Stlth   +            i - ring of wizardry
HPRegen 0.38/turn    A - +6 ring of intelligence
MPRegen 0.19/turn

%: reflection, wizardry (x1)
@: no status effects
A: runic magic, artefact enchanting
a: Renounce Religion, Evoke Invisibility, Unearth Wretches


You were on level 11 of the Dungeon.
You worshipped Kikubaaqudgha.
Kikubaaqudgha was greatly pleased with you.
You visited 2 branches of the dungeon, and saw 12 of its levels.
You also visited: Sewer.

You collected 1111 gold pieces.
You spent 286 gold pieces at shops.

Inventory:

Hand Weapons
 a - the +10 dagger of the Parsimonious God {protect, *Noise rN+ Will+}
   (You found it on level 6 of the Dungeon)

   rN+:       It protects you from negative energy.
   Will+:     It increases your willpower.
   *Noise:    It may make a loud noise when swung.
 b - a +0 demon whip of venom (weapon)
 K - the +2 long sword of Xukhlutyts {heavy, rElec rF++ rN+ Dex-4}
   (You found it on level 7 of the Dungeon)

   Dex-4:     It affects your dexterity (-4).
   rF++:      It greatly protects you from fire.
   rElec:     It insulates you from electricity.
   rN+:       It protects you from negative energy.
Missiles
 z - a throwing net
Armour
 e - a +0 cloak (worn)
 q - the +2 pair of gloves of Gestures (worn) {+Inv rPois rN+}
   (You acquired it on level 9 of the Dungeon)

   rPois:     It protects you from poison.
   rN+:       It protects you from negative energy.
   +Inv:      It lets you turn invisible.
 s - the +1 ring mail "Lacayngo" (worn) {rF+}
   (You acquired it on level 3 of the Dungeon)

   rF+:       It protects you from fire.
 v - a +0 pair of boots (worn)
 w - a +1 hat (worn)
 H - a +0 buckler (worn)
Jewellery
 d - the amulet of Laclout (around neck) {Reflect rN+ SH+5}
   (You acquired it on level 3 of the Dungeon)

   [amulet of reflection]

   Reflect:   It reflects blocked missile attacks.
   rN+:       It protects you from negative energy.
   SH+5:      It affects your SH (+5).
 i - a ring of wizardry (left hand)
 r - a ring of protection from cold
 y - a ring of poison resistance
 A - a +6 ring of intelligence (right hand)
 B - a ring of positive energy
 D - a ring of flight
 I - a +4 ring of protection
Wands
 g - a wand of roots (11)
 C - a wand of charming (25)
 M - a wand of flame (24)
Scrolls
 c - 2 scrolls of vulnerability
 k - 5 scrolls of fog
 m - 3 scrolls of teleportation
 o - 4 scrolls of poison
 x - 2 scrolls of identify
 E - 2 scrolls of immolation
 G - a scroll of summoning {unknown}
 J - a scroll of revelation
 L - a scroll of enchant armour
 Q - 2 scrolls of enchant weapon
Potions
 f - a potion of curing {unknown}
 j - a potion of haste {unknown}
 l - 4 potions of attraction
 n - 2 potions of mutation
 p - a potion of experience {unknown}
 t - 3 potions of degeneration
 u - 4 potions of lignification {unknown}
 N - a potion of resistance {unknown}
 P - a potion of ambrosia {unknown}


   Skills:
 * Level 11.3 Fighting
 * Level 4.3 Maces & Flails
 * Level 11.2 Armour
 - Level 1.3 Dodging
 - Level 1.4 Stealth
 * Level 3.9 Shields
 * Level 8.4 Spellcasting
 * Level 9.7 Necromancy


You had 3 spell levels left.
You knew the following spells:

 Your Spells              Type           Power      Damage    Failure   Level
a - Necrotise             Necr           100%       1d9       1%          1
b - Vampiric Draining     Necr           56%        2d10      1%          3
c - Fugue of the Fallen   Necr           56%        N/A       1%          3
d - Animate Dead          Necr           56%        N/A       1%          4
e - Curse of Agony        Necr           56%        N/A       1%          5
f - Anguish               Hex/Necr       17%        N/A       4%          4
g - Martyr's Knell        Necr/Summ      34%        N/A       4%          4

Your spell library contained the following spells:

 Spells                   Type           Power      Damage    Failure   Level
 Cigotuvi's Dreadful Rot  Necr/Alch/Air  52%        N/A       1%          2
 Sublimation of Blood     Necr           56%        N/A       1%          2
 Ensorcelled Hibernation  Hex/Ice        20%        N/A       6%          2
 Gell's Gravitas          Tloc           10%        N/A       11%         3
 Teleport Other           Tloc           10%        N/A       11%         3
 Tukima's Dance           Hex            10%        N/A       11%         3
 Death Channel            Necr           28%        N/A       11%         6
 Cause Fear               Hex            5%         N/A       32%         4
 Passage of Golubria      Tloc           10%        N/A       32%         4
 Yara's Violent Unravell  Hex/Alch       5%         3d4       65%         5
 Dispersal                Tloc           5%         N/A       99%         6
 Enfeeble                 Hex            5%         N/A       100%        7


Dungeon Overview and Level Annotations

Branches:
Dungeon (11/15)            Temple (1/1) D:7            Lair (0/5) D:11
    Orc (0/2) D:11          Sewer (visited)

Altars:
Ashenzari
Cheibriados
Dithmenos
Elyvilon
Fedhas
Gozag
Hepliaklqana
Kikubaaqudgha
Makhleb
Nemelex Xobeh
Okawaru
Qazlal
Ru
Sif Muna
Trog
Uskayaw
Vehumet
Wu Jian
Xom
Yredelemnul
Zin
The Shining One

Shops:
D:1 ?   D:6 :=*   D:9 *   D:10 =

Annotations:
D:9 2 transporters, Pascal76's ghost, novice MiFi


Innate Abilities, Weirdness & Mutations

Your spellcasting is much less encumbered by armour.
You can use scrolls of enchantment on lesser artefacts.


Message History

You hit the gargoyle.
The gargoyle is lightly damaged.
The vampire mosquito bites you but does no damage.
The gargoyle hits you with a +0 flail!
The vampire mosquito closely misses you.
Unknown command.
You barely miss the vampire mosquito.
The vampire mosquito is moderately damaged.
The vampire mosquito completely misses you.
Your scorpion zombie hits the vampire mosquito.
The gargoyle hits you with a +0 flail! The vampire mosquito barely misses you.
Unknown command.
You whack the vampire mosquito!
The vampire mosquito is almost destroyed.
You block the vampire mosquito's attack.
Your scorpion zombie closely misses the vampire mosquito.
You block the gargoyle's attack.
The vampire mosquito bites you but does no damage.
You barely miss the vampire mosquito.
The vampire mosquito is almost destroyed.
The vampire mosquito bites you.
* * * LOW HITPOINT WARNING * * *
The vampire mosquito draws strength from your injuries!
The vampire mosquito is wracked by anguish.
The vampire mosquito is destroyed!
Kikubaaqudgha accepts your kill.
Your scorpion zombie hits the gargoyle but does no damage.
The gargoyle hurls a stone arrow at you.
The stone arrow hits you!!
* * * LOW HITPOINT WARNING * * *
Your scorpion zombie barely misses the gargoyle.
You block the gargoyle's attack.
You see here a vampire mosquito corpse.
Your scorpion zombie barely misses the gargoyle.
The gargoyle barely misses you.
Your scorpion zombie hits the gargoyle but does no damage.
The gargoyle hurls a stone arrow at you.
The stone arrow hits you!!
You die...
Kikubaaqudgha rasps: You have failed me!
Welcome... death!

~~......#..#~≈≈≈≈≈~~~~~~~
≈≈~~~~.~~..~≈≈≈≈##.~~≈~~.
≈≈≈≈~≈≈≈≈≈~≈≈≈####.###~..
≈≈≈≈≈≈≈≈≈≈≈≈≈~.......##..
~≈≈≈~≈≈~~~≈~#.####.#.##..
~≈~≈~.~Z#~~..........)...
#.###.9†#.#.####.#.#.##..
.###...#.#.####.#.#.##.)
........@................ ..
.............##.##.#.##.# ...
#####........##.##.#.##.# ....
..........>##.#........
.#..###..........##.##.#[##.#
#...............###..##.##.#.....
#....#...................#.####.#
........................##.....S.
....#..###.#...###.###########.#


You could see a gargoyle (ally target) and a friendly scorpion zombie.

Vanquished Creatures
  Harold (D:9)
  2 two-headed ogres
  Nergalle (D:10)
  Maurice (D:10)
  A gargoyle (D:10)
  An orange demon (D:9)
  Jeremiah (D:9)
  A kobold demonologist (D:11)
  A komodo dragon (D:11)
  A hornet (D:8)
  5 slime creatures (D:9)
  11 yaks
  Grum (D:9)
  A steam dragon (D:8)
  3 vampire mosquitoes (D:11)
  2 water moccasins (D:11)
  An ice beast (D:7)
  2 black bears
  2 orc warriors (D:8)
  A swamp drake (D:11)
  A crocodile (Sewer)
  2 wolves (D:9)
  An ogre (D:7)
  A bullfrog (D:8)
  4 kobold brigands
  2 gnoll sergeants
  A brain worm (Sewer)
  4 scorpions
  11 wights
  23 killer bees
  A howler monkey (D:7)
  4 electric eels (D:11)
  2 hounds (D:6)
  5 orc priests
  A jelly (D:6)
  2 iguanas (D:4)
  A sleepcap (D:8)
  5 orc wizards
  11 gnolls
  15 adders
  5 river rats
  A white imp (D:6)
  2 ufetubi (D:6)
  A dart slug (D:4)
  21 orcs
  6 ball pythons
  4 endoplasms
  3 giant cockroaches
  5 hobgoblins
  9 jackals
  5 quokkas
  5 bats
  7 frilled lizards
  8 goblins
  13 kobolds
  12 rats
244 creatures vanquished.

Vanquished Creatures (collateral kills)
  Amaemon (D:9)
  An ugly thing (D:10)
  A slime creature (D:9)
  5 yaks
  A centaur (D:9)
  A wolf (D:9)
  A wight (D:9)
  5 killer bees (D:9)
  A howler monkey (D:7)
  An orc priest (D:11)
  An orc wizard (D:9)
  An adder (Sewer)
  A gnoll (D:9)
  5 orcs
  A giant cockroach (D:1)
  A hobgoblin (D:1)
  2 jackals
  A ball python (Sewer)
  A frilled lizard (D:2)
  A rat (D:5)
33 creatures vanquished.

Vanquished Creatures (others)
  A boulder beetle (D:11)
  A two-headed ogre (D:10)
  A shadow (D:11)
  A yak (D:10)
  A vampire mosquito (D:11)
  An acid dragon (D:11)
  An orc warrior (D:11)
  A centaur (D:10)
  A bullfrog (D:11)
  2 wights (D:9)
  5 yak zombies
  3 electric eels (D:11)
  A centaur zombie (D:9)
  An orc priest (D:11)
  7 killer bee zombies (D:9)
  A gnoll (D:5)
  8 orc zombies
  3 orcs (D:11)
40 creatures vanquished.

Grand Total: 317 creatures vanquished

Notes
Turn   | Place    | Note
-------+----------+-------------------------------------------
     0 | D:1      | CrazyBamboolord the Mountain Dwarf Necromancer began the
                  | quest for the Orb.
     0 | D:1      | Reached XP level 1. HP: 14/14 MP: 3/3
   165 | D:1      | Reached XP level 2. HP: 7/22 MP: 0/4
   242 | D:1      | Reached skill level 1 in Fighting
   265 | D:1      | Reached skill level 1 in Armour
  1126 | D:1      | You fall into a shaft and drop 1 floor!
  1200 | D:2      | Reached XP level 3. HP: 28/28 MP: 2/5
  1241 | D:2      | Learned a level 3 spell: Vampiric Draining
  1726 | D:2      | Reached XP level 4. HP: 36/36 MP: 4/7
  2403 | D:3      | Found a white marble altar of Elyvilon.
  2409 | D:3      | Identified 3 scrolls of acquirement
  2412 | D:3      | Acquired the amulet of Laclout {Reflect rN+ SH+5}
  2421 | D:3      | Acquired the +1 ring mail "Lacayngo" {rF+}
  2712 | D:1      | Found Ibier Me Uco's Magic Scroll Boutique.
  2716 | D:1      | Bought a scroll of fear for 52 gold pieces
  2916 | D:3      | Reached XP level 5. HP: 44/44 MP: 4/8
  2920 | D:3      | Learned a level 3 spell: Fugue of the Fallen
  3480 | D:3      | Reached skill level 5 in Necromancy
  4384 | D:5      | Entered Level 5 of the Dungeon
  4442 | D:5      | Reached XP level 6. HP: 52/52 MP: 0/9
  4482 | D:5      | Found a glowing drain.
  4496 | Sewer    | Entered a sewer
  4823 | Sewer    | Reached XP level 7. HP: 31/60 MP: 0/11
  5169 | Sewer    | Reached skill level 5 in Fighting
  5169 | Sewer    | Reached skill level 5 in Armour
  6279 | D:6      | Found Xueton's Book Shoppe.
  6286 | D:6      | Reached XP level 8. HP: 66/69 MP: 9/13
  6329 | D:6      | Identified the +10 dagger of the Parsimonious God {protect,
                  | *Noise rN+ Will+}
  6582 | D:6      | Found Qeedof's Jewellery Shoppe.
  6603 | D:6      | Learned a level 4 spell: Animate Dead
  6617 | D:6      | Found Kuokk's General Store.
  6625 | D:6      | Bought a scroll of blinking for 105 gold pieces
  7271 | D:7      | Found a staircase to the Ecumenical Temple.
  7278 | Temple   | Entered the Ecumenical Temple
  7292 | Temple   | Became a worshipper of Kikubaaqudgha
  7808 | D:7      | Identified the +2 long sword of Xukhlutyts {heavy, rElec
                  | rF++ rN+ Dex-4}
  8436 | D:8      | Noticed a two-headed ogre
  8869 | D:7      | Reached XP level 9. HP: 38/79 MP: 9/16
  8888 | D:7      | Reached skill level 5 in Spellcasting
  9055 | D:7      | Learned a level 5 spell: Curse of Agony
  9256 | D:7      | Killed a two-headed ogre
  9484 | D:8      | Reached * piety under Kikubaaqudgha
  9484 | D:8      | Received a gift from Kikubaaqudgha
  9834 | D:8      | Paralysed by a hornet for 3 turns
  9852 | D:8      | Reached XP level 10. HP: 45/90 MP: 10/19
 10155 | D:8      | Found an iron altar of Okawaru.
 10155 | D:8      | Found an ornate altar of the Wu Jian Council.
 10250 | D:8      | Found an opulent altar of Gozag.
 10470 | D:9      | Noticed Grum
 10922 | D:9      | Reached ** piety under Kikubaaqudgha
 10939 | D:9      | Noticed Pascal76's ghost (novice MiFi)
 10940 | D:9      | Found a transporter.
 10943 | D:9      | Found a transporter.
 10987 | D:9      | Killed Grum
 11026 | D:9      | Noticed Amaemon
 11031 | D:9      | Noticed an orange demon
 11035 | D:9      | Killed Amaemon
 11042 | D:9      | Killed an orange demon
 11211 | D:9      | Found Eraekk's Assorted Antiques.
 11217 | D:9      | Learned a level 4 spell: Anguish
 11221 | D:9      | Bought a scroll of teleportation for 81 gold pieces
 11221 | D:9      | Bought a pink potion for 24 gold pieces
 11221 | D:9      | Bought a fizzy silvery potion for 24 gold pieces
 11357 | D:9      | Noticed Harold
 11379 | D:9      | Killed Harold
 11380 | D:9      | Reached skill level 10 in Fighting
 11380 | D:9      | Reached skill level 10 in Armour
 11396 | D:9      | Reached XP level 11. HP: 81/99 MP: 2/22
 11547 | D:9      | Acquired 364 gold pieces
 11552 | D:9      | Acquired the +0 pair of gloves of Gestures {+Inv rPois rN+}
 11799 | D:9      | Noticed Jeremiah
 11808 | D:9      | Killed Jeremiah
 12099 | D:9      | Reached *** piety under Kikubaaqudgha
 12099 | D:9      | Received a gift from Kikubaaqudgha
 12106 | D:9      | Learned a level 4 spell: Martyr's Knell
 12427 | D:10     | Entered Level 10 of the Dungeon
 12427 | D:10     | Noticed Nergalle
 12442 | D:10     | Killed Nergalle
 12443 | D:10     | Reached skill level 1 in Maces & Flails
 12606 | D:10     | Upgraded the game from 0.32-a0-543-gefe97123c3 to
                  | 0.32-a0-572-g3e1049bc92
 12644 | D:10     | Noticed a two-headed ogre
 12653 | D:10     | Killed a two-headed ogre
 12654 | D:10     | Reached skill level 1 in Shields
 12818 | D:10     | Noticed Maurice
 12830 | D:10     | Killed Maurice
 13130 | D:10     | Found Waag's Jewellery Boutique.
 13492 | D:10     | Noticed a green ugly thing
 13501 | D:10     | Killed a green ugly thing
 13848 | D:11     | Noticed a boulder beetle
 13863 | D:11     | Killed a boulder beetle
 14031 | D:11     | Found a staircase to the Orcish Mines.
 14305 | D:11     | Noticed a two-headed ogre
 14732 | D:11     | Killed a two-headed ogre
 14733 | D:11     | Reached XP level 12. HP: 55/110 MP: 4/24
 15080 | D:11     | Found a staircase to the Lair.
 15361 | D:11     | Reached **** piety under Kikubaaqudgha
 15373 | D:11     | Killed from afar by a gargoyle

Illustrated notes

Levels and vault maps discovered:
D:1:      beargit_arrival_greenhouse, layout_basic, serial_shops,
          nicolae_shop_rolled_up
D:2:      layout_basic, minmay_tetromino_l4
D:3:      layout_basic, elyvilon_altar_5
D:4:      layout_cave_pools, kennysheep_doodads
D:5:      layout_loops_ring, portal_sewer_entry_a, moated_statue
D:6:      layout_basic, serial_shops, nicolae_take_the_stairs,
          nicolae_shop_tiny_glass, shop
D:7:      layout_basic, minmay_temple_entry_slanted
D:8:      layout_rooms, lemuel_round_altar, gammafunk_temple_overflow_statue,
          hex_tiny
D:9:      layout_basic, serial_shops, nicolae_shop_rolling_square,
          gammafunk_ghost_arena, uniq_amaemon, uniq_jeremiah, uniq_harold,
          uniq_grum
D:10:     layout_stronghold, serial_shops, nicolae_shop_pleasant_corner_grove,
          uniq_nergalle, uniq_maurice
D:11:     layout_basic, due_lair_maze_entry_diamond, erik_orc_1,
          ebering_ghost_gozag, led_sif_pool
Temple:   nicolae_temple_bog_church

Skill      XL: |  1  2  3  4  5  6  7  8  9 10 11 |
---------------+----------------------------------+-----
Fighting       | 1 2 3 4 5 7 8 10 11 | 11.3
Armour         | 1 2 3 4 5 6 8 10 11 | 11.2
Spellcasting   | 2 3 4 6 7 8 |  8.4
Necromancy     | 5 6 7 8 9 |  9.7
Maces & Flails | 4 |  4.3
Shields        | 3 |  3.9
Dodging        | |  1.3
Stealth        | |  1.4

Action                     |  1- 3 |  4- 6 |  7- 9 | 10-12 || total
---------------------------+-------+-------+-------+-------++-------
  Melee: Short sword       |    15 |       |       |       ||    15
         Dagger            |    17 |    48 |   176 |   210 ||   451
         Demon whip        |       |       |       |    43 ||    43
   Cast: Necrotise         |    61 |   135 |   205 |    88 ||   489
         Fugue of the Fall |       |       |     4 |     7 ||    11
         Animate Dead      |       |       |     3 |     7 ||    10
         Vampiric Draining |       |       |    16 |    39 ||    55
         Curse of Agony    |       |       |     1 |     6 ||     7
         Anguish           |       |       |       |    33 ||    33
         Martyr's Knell    |       |       |       |     5 ||     5
  Evoke: Wand              |       |     3 |     5 |     8 ||    16
    Use: Scroll            |       |    13 |     3 |    16 ||    32
         Potion            |       |       |     3 |     4 ||     7
   Stab: Distracted        |       |       |       |     1 ||     1
 Armour: Robe              |    18 |       |       |       ||    18
         Ring mail         |    17 |    63 |   271 |   417 ||   768
  Dodge: Dodged            |    28 |    44 |   177 |   208 ||   457
  Block: Other             |       |    15 |    63 |    52 ||   130
         Reflection        |       |       |       |     6 ||     6
         Buckler           |       |       |       |   118 ||   118

Table legend: (Time is in decaauts)
 A = Elapsed time spent in this place.
 B = Non-inter-level travel time spent in this place.
 C = Inter-level travel time spent in this place.
 D = Time resting spent in this place.
 E = Time spent auto-exploring this place.
 F = Levels seen in this place.
 G = Mean time per level.
                   A        B        C        D        E       F      G
               +--------+--------+--------+--------+--------+-----+--------+
         Total |  15562 |  14822 |    740 |   3278 |   8495 |  13 | 1197.1 |
       Dungeon |  14315 |  13589 |    726 |   2915 |   8393 |  11 | 1301.4 |
        Temple |     30 |     16 |     14 |      0 |      0 |   1 |   30.0 |
         Sewer |   1216 |   1216 |      0 |    363 |    101 |   1 | 1216.0 |
               +--------+--------+--------+--------+--------+-----+--------+

Top non-repeatable levels by time:
     D:7: 2034 daAuts
     D:8: 1759 daAuts
    D:11: 1532 daAuts
    D:10: 1420 daAuts
     D:1: 1366 daAuts
     D:3: 1225 daAuts
   Sewer: 1216 daAuts
     D:9: 1209 daAuts
     D:2: 1184 daAuts
     D:6: 1088 daAuts
     D:5: 888 daAuts
     D:4: 606 daAuts
  Temple: 30 daAuts
